 Dungeon Crawl Stone Soup version 0.28.0-53-g5a82cb258f (webtiles) character file.

Game seed: 1215549524588185719

357 mcbry74 the Chopper (level 6, -1/51 HPs)
             Began as a Hill Orc Fighter on June 25, 2022.
             Killed from afar by Sigmund (4 damage)
             ... with a magic dart
             ... on level 6 of the Dungeon.
             The game lasted 00:06:16 (2874 turns).

mcbry74 the Chopper (Hill Orc Fighter)              Turns: 2874, Time: 00:06:17

Health: -1/51      AC:  9    Str: 21    XL:     6   Next: 64%
Magic:  6/6        EV:  7    Int:  8    God:
Gold:   111        SH:  4    Dex: 10    Spells: 5/5 levels left

rFire   . . .      SeeInvis .   d - +4 flail (vorpal)
rCold   . . .      Faith    .   c - +0 buckler
rNeg    . . .      Spirit   .   l - +0 chain mail
rPois   .          Reflect  .   (no helmet)
rElec   .          Harm     .   (no cloak)
rCorr   .          Rampage  .   (no gloves)
Will    .....                   (no boots)
Stlth   ..........              (no amulet)
HPRegen 0.17/turn               (no ring)
MPRegen 0.10/turn               (no ring)

@: brilliant
A: no striking features
a: no special abilities


You were on level 6 of the Dungeon.
You visited 1 branch of the dungeon, and saw 4 of its levels.

You collected 111 gold pieces.

Inventory:

Hand Weapons
 a - a +0 war axe
 d - a +4 vorpal flail (weapon)
 m - a +2 flail of holy wrath
Armour
 b - a +0 scale mail
 c - a +0 buckler (worn)
 l - a +0 chain mail (worn)
Magical Staves
 h - a staff of fire
Jewellery
 f - a ring of wizardry
Wands
 k - a wand of flame (22)
Scrolls
 e - a scroll of identify {unknown}
 g - 3 scrolls of teleportation {unknown}
 i - a scroll of amnesia {unknown}


   Skills:
 - Level 3.6 Fighting
 * Level 6.6 Axes
 + Level 0.0(3.3) Maces & Flails
 + Level 4.8 Armour
 + Level 4.8 Shields


You had 5 spell levels left.
You didn't know any spells.
Your spell library contained the following spells:

 Spells                   Type           Power      Damage    Failure   Level
 Call Canine Familiar     Summ           0%         N/A       100%        3
 Inner Flame              Hex/Fire       0%         N/A       100%        3
 Portal Projectile        Hex/Tloc       0%         N/A       100%        3
 Cause Fear               Hex            0%         N/A       100%        4
 Leda's Liquefaction      Hex/Erth       0%         N/A       100%        4
 Discord                  Hex            0%         N/A       100%        8


Dungeon Overview and Level Annotations

Branches:
Dungeon (3/15)

Altars:

Annotations:
D:6 Sigmund


Message History

Something tries to affect you, but you resist.
Something hits you but does no damage.
You miss something. You closely miss something.
Something completely misses you.
You closely miss something. Something hits you but does no damage.
You closely miss something. Something hits you but does no damage.
You miss something. Something hits you.
You barely miss something.
You hear some strange, mumbled words.
A magic dart appears from out of thin air!
The magic dart hits you.
You closely miss something. Something hits you but does no damage.
You miss something.
You hear some strange, mumbled words.
You are confused.
Something hits you.
* * * LOW HITPOINT WARNING * * *
It was a potion of brilliance.
You feel clever all of a sudden.
A magic dart appears from out of thin air!
The magic dart hits you but does no damage.
You are too confused!
Something hits you but does no damage.
You're too confused to move!
Something hits you!
* * * LOW HITPOINT WARNING * * *
You're too confused to move!
You feel less confused.
You miss something.
You hear some strange, mumbled words.
A puff of flame appears from out of thin air!
The puff of flame hits you.
* * * LOW HITPOINT WARNING * * *
Something hits you.
* * * LOW HITPOINT WARNING * * *
You closely miss something. Something hits you but does no damage.
There is an escape hatch in the floor here.
A magic dart appears from out of thin air!
The magic dart hits you.
You die...

###......#...#
#>....######## #...#.#
#...### #.....#
#.############# #.#
#........# #.#
#.#.#.####
###.####...@.#### #.#
#...............# #..
#..........{.#.## #.#
#..........###.# #.#
#..............# #.#
#.........#..########.#
#.........##.##...)...##
#..........{...........#
#.....################.#


There were no monsters in sight!

Vanquished Creatures
  Edmund (D:6)
  A centaur (D:6)
  A wyvern skeleton (D:6)
  A hound (D:6)
  Jessica (D:2)
  2 adders (D:2)
  3 bats
  4 endoplasms
  A giant cockroach (D:1)
  5 goblins
  6 hobgoblins
  2 quokkas (D:1)
  4 ball pythons
  2 frilled lizards
  5 rats
39 creatures vanquished.

Notes
Turn   | Place    | Note
-------+----------+-------------------------------------------
     0 | D:1      | mcbry74 the Hill Orc Fighter began the quest for the Orb.
     0 | D:1      | Reached XP level 1. HP: 19/19 MP: 1/1
   106 | D:1      | Reached skill level 3 in Axes
   172 | D:1      | Reached XP level 2. HP: 26/26 MP: 2/2
  1444 | D:2      | Reached XP level 3. HP: 31/31 MP: 3/3
  1530 | D:2      | Reached skill level 4 in Axes
  2095 | D:2      | Noticed Jessica
  2098 | D:2      | Killed Jessica
  2099 | D:2      | Reached XP level 4. HP: 39/39 MP: 4/4
  2108 | D:3      | You fall into a shaft and drop 3 floors!
  2117 | D:6      | Reached skill level 5 in Axes
  2168 | D:6      | Reached XP level 5. HP: 19/45 MP: 5/5
  2413 | D:6      | Noticed a centaur
  2426 | D:6      | Killed a centaur
  2427 | D:6      | Reached skill level 6 in Axes
  2427 | D:6      | Reached XP level 6. HP: 31/51 MP: 6/6
  2584 | D:6      | Noticed Edmund
  2594 | D:6      | Killed Edmund
  2799 | D:6      | Noticed Sigmund
  2869 | D:6      | HP: 2/51 [something (1)]
  2874 | D:6      | Killed from afar by Sigmund

Illustrated notes

Levels and vault maps discovered:
D:1:      dpeg_arrival_simpleton_a, layout_basic
D:2:      layout_loops_cross, uniq_jessica
D:3:      minmay_door_path, layout_basic, basic_ecumenical_altar,
          serial_bayou_lagoon_b
D:6:      layout_basic, minitemple, mainiacjoe_overflow_divided_tiny,
          minmay_temple_entry_gardened_gates, kennysheep_cross_bottleneck,
          sigmund_edmund_badplayer

Skill      XL: |  1  2  3  4  5 |
---------------+----------------+-----
Axes           | 3 4 5 6 |  6.6
Armour         | 4 |  4.8
Shields        | 4 |  4.8
Fighting       | |  3.6

Action                   |  1- 3 |  4- 6 || total
-------------------------+-------+-------++-------
Melee: War axe           |    91 |    24 ||   115
       Flail             |       |    18 ||    18
  Use: Potion            |       |     2 ||     2
Armor: Scale mail        |    41 |     3 ||    44
       Chain mail        |       |    18 ||    18
Dodge: Dodged            |    38 |    15 ||    53
Block: Buckler           |    20 |     5 ||    25
